 Dungeon Crawl Stone Soup version 0.30-a0-170-g85af917532 (webtiles) character file.

Game seed: 3190724616137136309

98 funkygono the Firebug (level 4, 0/24 HPs)
             Began as a Gargoyle Fire Elementalist on Sept 30, 2022.
             Killed from afar by Natasha (9 damage)
             ... with a magic dart
             ... on level 3 of the Dungeon.
             The game lasted 00:03:39 (3062 turns).

funkygono the Firebug (Gargoyle Fire Elementalist)  Turns: 3062, Time: 00:03:40

Health: 0/24       AC:  5    Str: 11    XL:     4   Next: 71%
Magic:  7/8        EV: 12    Int: 18    God:
Gold:   197        SH:  0    Dex: 10    Spells: 3/9 levels left

rFire   . . .      SeeInvis .    d - +0 mace
rCold   . . .      Faith    .    (no shield)
rNeg    + . .      Spirit   .    a - +0 robe
rPois   ∞          Reflect  .    (no helmet)
rElec   +          Harm     .    (no cloak)
rCorr   .          Rampage  .    (no gloves)
Will    .....                    (no boots)
Stlth   ++........               (no amulet)
HPRegen 0.08/turn                (no ring)
MPRegen 0.11/turn                (no ring)

@: no status effects
A: sickness immunity, AC +3, negative energy resistance 1, electricity
resistance, torment resistance 1, petrification resistance
a: no special abilities


You were on level 3 of the Dungeon.
You visited 1 branch of the dungeon, and saw 3 of its levels.

You collected 197 gold pieces.

Inventory:

Hand Weapons
 d - a +0 mace (weapon)
Armour
 a - a +0 robe (worn)
Magical Staves
 k - a staff of conjuration
Scrolls
 c - 3 scrolls of blinking {unknown}
 f - a scroll of amnesia {unknown}
 g - 2 scrolls of identify {unknown}
 h - a scroll of enchant armour {unknown}
 j - 3 scrolls of teleportation {unknown}
Potions
 e - a potion of haste {unknown}
 i - 2 potions of curing {unknown}
 l - a potion of mutation {unknown}
 m - a potion of invisibility {unknown}


   Skills:
 + Level 0.1 Fighting
 + Level 0.1 Maces & Flails
 + Level 2.0 Dodging
 - Level 2.1 Stealth
 + Level 3.1 Spellcasting
 + Level 1.9 Conjurations
 + Level 4.0 Fire Magic


You had 3 spell levels left.
You knew the following spells:

 Your Spells              Type           Power      Damage    Failure   Level
a - Foxfire               Conj/Fire      52%        2x1d6     4%          1
b - Scorch                Fire           34%        2d6       4%          2
c - Kindle Blastsparks    Fire/Tloc/Air  14%        2d11      28%         3

Your spell library contained the following spells:

 Spells                   Type           Power      Damage    Failure   Level
 Momentum Strike          Conj/Tloc      12%        3d8       17%         2
 Inner Flame              Hex/Fire       9%         N/A       22%         3
 Blink                    Tloc           4%         N/A       24%         2
 Wereblood                Tmut           2%         N/A       24%         2
 Ignite Poison            Fire/Tmut/Pois 7%         N/A       28%         3
 Mephitic Cloud           Conj/Pois/Air  5%         N/A       36%         3
 Lesser Beckoning         Tloc           2%         N/A       43%         3
 Flame Wave               Conj/Fire      13%        2d6       43%         4
 Yara's Violent Unravell  Hex/Tmut       1%         3d3       99%         5
 Summon Cactus Giant      Summ           1%         N/A       100%        6


Dungeon Overview and Level Annotations

Branches:
Dungeon (3/15)

Altars:
Dithmenos

Shops:
D:3 :

Annotations:
D:3 Natasha


Innate Abilities, Weirdness & Mutations

You are immune to sickness and miasma.
Your stone body is resilient. (AC +3)
You are immune to poison.
You resist negative energy. (rN+)
You are resistant to electric shocks. (rElec)
You are resistant to unholy torment.
You are immune to petrification.


Message History

Your foxfire dissipates!
Casting: Scorch (safe; 4% risk of failure)
Confirm with . or Enter, or press ? or * to list all spells.
You conjure some foxfire!
Natasha claws you.
Casting: Foxfire (safe; 5% risk of failure)
Confirm with . or Enter, or press ? or * to list all spells.
Flames lash the adder.
The adder is heavily wounded.
The adder's fire resistance burns away.
Natasha barely misses you.
Unknown command.
Casting: Scorch (safe; 4% risk of failure)
Confirm with . or Enter, or press ? or * to list all spells.
There is not enough space to conjure foxfire!
Casting: Foxfire (safe; 5% risk of failure)
Confirm with . or Enter, or press ? or * to list all spells.
Flames lash the adder.
The adder is burned terribly!
You kill the adder!
Natasha is no longer more vulnerable to fire.
Natasha claws you.
Unknown command.
You barely miss Natasha.
Natasha is heavily wounded.
Natasha claws you!
Casting: Scorch (safe; 4% risk of failure)
Confirm with . or Enter, or press ? or * to list all spells.
You don't have enough magic to cast this spell.
Unknown command.
Magic courses through your body.
A hound comes into view.
Natasha claws you but does no damage.
Casting: Scorch (safe; 4% risk of failure)
Confirm with . or Enter, or press ? or * to list all spells.
Flames lash the kobold.
You kill the kobold!
Natasha stares at you and mumbles some strange words.
You resist with some effort.
Unknown command.
Natasha casts a spell at you. The magic dart hits you!
You die...

.# . . # .##.. #...b.
########### #.K.#
########........@####...#
.......).#######..hoh...#
########## ######.#.# ...
#...# ..... #..... #####


You could see a hound, Natasha and an orc.

Vanquished Creatures
  5 adders
  A dart slug (D:1)
  5 bats
  2 endoplasms
  A giant cockroach (D:2)
  13 goblins
  2 hobgoblins
  4 jackals (D:1)
  5 kobolds
  4 ball pythons
  4 frilled lizards
  3 rats (D:1)
49 creatures vanquished.

Vanquished Creatures (others)
  107 foxfires
107 creatures vanquished.

Grand Total: 156 creatures vanquished

Notes
Turn   | Place    | Note
-------+----------+-------------------------------------------
     0 | D:1      | funkygono the Gargoyle Fire Elementalist began the quest
                  | for the Orb.
     0 | D:1      | Reached XP level 1. HP: 10/10 MP: 3/3
   346 | D:1      | Reached XP level 2. HP: 5/15 MP: 0/5
   349 | D:1      | Learned a level 2 spell: Scorch
   885 | D:1      | Got the Folio of Putrescence and Transformation
  1214 | D:1      | Reached XP level 3. HP: 19/19 MP: 3/6
  1218 | D:1      | Learned a level 3 spell: Kindle Blastsparks
  2516 | D:3      | Reached XP level 4. HP: 24/24 MP: 5/8
  2678 | D:3      | Found a shadowy altar of Dithmenos.
  2843 | D:3      | Reached skill level 4 in Fire Magic
  2949 | D:3      | Found Ilaapsimee's Book Shop.
  3049 | D:3      | Noticed Natasha
  3062 | D:3      | Killed from afar by Natasha

Illustrated notes

Levels and vault maps discovered:
D:1:      dpeg_arrival_windows_large_door, layout_loops_cross,
          chequers_serial_rivers_micro_a
D:2:      layout_loops_corners
D:3:      minmay_goblin_kobold_castle, layout_loops_ring,
          nicolae_overflow_crystal_walls, ebering_ecumenical_altar_rust,
          serial_shops, shop, grunt_ministairs_12, minmay_close_crescents,
          uniq_natasha

Skill      XL: |  1  2  3  4 |
---------------+-------------+-----
Dodging        | 2 |  2.0
Spellcasting   | 3 |  3.1
Fire Magic     | 4 |  4.0
Fighting       | |  0.1
Maces & Flails | |  0.1
Stealth        | |  2.1
Conjurations   | |  1.9

Action                   |  1- 3 |  4- 6 || total
-------------------------+-------+-------++-------
Melee: Unarmed           |    14 |       ||    14
       Mace              |    13 |     1 ||    14
 Cast: Foxfire           |    52 |    17 ||    69
       Scorch            |     5 |     7 ||    12
  Use: Potion            |       |     1 ||     1
Armor: Robe              |    18 |     2 ||    20
Dodge: Dodged            |    44 |     2 ||    46

Table legend: (Time is in decaauts)
 A = Elapsed time spent in this place.
 B = Non-inter-level travel time spent in this place.
 C = Inter-level travel time spent in this place.
 D = Time resting spent in this place.
 E = Time spent auto-exploring this place.
 F = Levels seen in this place.
 G = Mean time per level.
                   A        B        C        D        E       F      G
               +--------+--------+--------+--------+--------+-----+--------+
         Total |   3067 |   3041 |     26 |    214 |   2356 |   3 | 1022.3 |
       Dungeon |   3067 |   3041 |     26 |    214 |   2356 |   3 | 1022.3 |
               +--------+--------+--------+--------+--------+-----+--------+

Top non-repeatable levels by time:
     D:1: 1395 daAuts
     D:2: 1119 daAuts
     D:3: 552 daAuts
